 Dungeon Crawl Stone Soup version 0.30-a0-883-g5ad918d77d (webtiles) character file.

Game seed: 1571464825517088429

16 Pimp the Firebug (level 2, 0/17 HPs)
             Began as an Octopode Fire Elementalist on Mar 17, 2023.
             Slain by a goblin
             ... wielding a +0 dagger
              (2 damage)
             ... on level 1 of the Dungeon.
             The game lasted 00:01:07 (356 turns).

Pimp the Firebug (Octopode Fire Elementalist)        Turns: 356, Time: 00:01:08

Health: 0/17       AC:  1    Str:  7    XL:     2   Next: 54%
Magic:  3/5        EV: 13    Int: 17    God:
Gold:   0          SH:  0    Dex: 12    Spells: 4/5 levels left

rFire   . . .      SeeInvis .    i - +0 short sword
rCold   . . .      Faith    .    (no shield)
rNeg    . . .      Spirit   .    (helmet restricted)
rPois   .          Reflect  .    (no amulet)
rElec   .          Rampage  .    (no ring)
rCorr   .                        (no ring)
Will    .....                    (no ring)
Stlth   +++                      (no ring)
HPRegen 0.22/turn                (no ring)
MPRegen 0.09/turn                (no ring)
                                 (no ring)
                                 (no ring)

@: attractive
A: almost no armour, amphibious, 8 rings, camouflage 1, gelatinous body 1,
(nimble swimmer 1), tentacles
a: no special abilities


You were on level 1 of the Dungeon.
You visited 1 branch of the dungeon, and saw 1 of its levels.

Inventory:

Hand Weapons
 e - a +0 whip
 g - a +0 sling
 i - a +0 short sword (weapon)
Missiles
 d - 5 javelins
 f - 11 stones
Scrolls
 c - a scroll of butterflies {unknown}
 k - a scroll of torment {unknown}
Potions
 a - a potion of magic
 b - a potion of attraction
 h - a potion of degeneration {unknown}
 j - a potion of heal wounds {unknown}


   Skills:
 + Level 2.2 Dodging
 + Level 3.1 Stealth
 + Level 2.1 Spellcasting
 + Level 1.3 Conjurations
 + Level 3.1 Fire Magic


You had 4 spell levels left.
You knew the following spells:

 Your Spells              Type           Power      Damage    Failure   Level
a - Foxfire               Conj/Fire      36%        2x1d5     8%          1

Your spell library contained the following spells:

 Spells                   Type           Power      Damage    Failure   Level
 Scorch                   Fire           24%        2d6       8%          2
 Inner Flame              Hex/Fire       7%         N/A       30%         3
 Kindle Blastsparks       Fire/Tloc/Air  10%        2d10      36%         3
 Flame Wave               Conj/Fire      9%         2d6       58%         4


Dungeon Overview and Level Annotations

Branches:
Dungeon (1/15)

Altars:


Innate Abilities, Weirdness & Mutations

You cannot wear most types of armour.
You are amphibious.
You can wear up to eight rings at the same time.
Your skin changes colour to match your surroundings (Stealth+).
Your rubbery body absorbs attacks. (AC +1, EV +1)
((You are camouflaged when in or above water. (Stealth+)))
You have tentacles for arms and can constrict up to eight enemies at once.


Message History

The endoplasm quivers.
The goblin shouts!
You see here a rat corpse.
The endoplasm freezes you.
You are frozen.
You hit the endoplasm. Your squeeze misses the endoplasm.
The endoplasm is lightly wounded.
The goblin completely misses you. The endoplasm freezes you.
You are frozen.
You see here a rat corpse.
The endoplasm attacks as you move away! The endoplasm hits you.
The goblin attacks as you move away! The goblin misses you.
Press: ? - help, v - describe, . - travel The floor.
Press: ? - help, v - describe, . - travel The floor.
Press: ? - help, v - describe, . - travel The floor.
Casting: Foxfire (safe; 8% risk of failure)
Confirm with . or Enter, or press ? or * to list all spells.
You conjure some foxfire!
The goblin hits you with a +0 dagger.
Unknown command.
Your foxfire dissipates!
The goblin attacks as you move away! The goblin hits you with a +0 dagger.
The foxfire hits the endoplasm.
The endoplasm is severely wounded.
Casting: Foxfire (safe; 8% risk of failure)
Confirm with . or Enter, or press ? or * to list all spells.
You conjure some foxfire!
The goblin hits you with a +0 dagger.
* * * LOW HITPOINT WARNING * * *
The foxfire hits the endoplasm.
You kill the endoplasm!
Your foxfire dissipates!
The goblin attacks as you move away! The goblin hits you with a +0 dagger.
* * * LOW HITPOINT WARNING * * *
It was a potion of attraction.
You feel attractive to monsters. The goblin hits you with a +0 dagger.
You die...

##### #...# ###
#.#.# ..#
####.#.# ###.##
#....#.# #....#
#.####.# #@.# #.#
#.# #g.# #.# #.#
#.>#####..# #.#
#.# #.........#
#.# #.#
#...####†#####†#
#.#
#...#..........#
#.# ####
#...#...########
#.# ...#
#...#...# #.#
...######...#...#
#.#


You could see a goblin.

Vanquished Creatures
  4 ball pythons (D:1)
  2 endoplasms (D:1)
  3 goblins (D:1)
  2 kobolds (D:1)
  A quokka (D:1)
  A bat (D:1)
  3 rats (D:1)
16 creatures vanquished.

Vanquished Creatures (others)
  12 foxfires (D:1)
12 creatures vanquished.

Grand Total: 28 creatures vanquished

Notes
Turn   | Place    | Note
-------+----------+-------------------------------------------
     0 | D:1      | Pimp the Octopode Fire Elementalist began the quest for the
                  | Orb.
     0 | D:1      | Reached XP level 1. HP: 11/11 MP: 3/3
   102 | D:1      | Reached XP level 2. HP: 16/17 MP: 0/5
   356 | D:1      | Slain by a goblin

Illustrated notes

Levels and vault maps discovered:
D:1:      dpeg_arrival_chambers_temple_mockup, layout_basic

Skill      XL: |  1  2 |
---------------+-------+-----
Stealth        | 3 |  3.1
Dodging        | |  2.2
Spellcasting   | |  2.1
Conjurations   | |  1.3
Fire Magic     | |  3.1

Action                     || total
---------------------------++-------
  Melee: Unarmed           ||     9
         Constrict         ||     6
         Tentacles         ||     4
         Short sword       ||    13
   Cast: Foxfire           ||     8
    Use: Potion            ||     1
   Stab: Sleeping          ||     3
         Distracted        ||     1
 Armour: Skin              ||     1
  Dodge: Dodged            ||    30

Table legend: (Time is in decaauts)
 A = Elapsed time spent in this place.
 B = Non-inter-level travel time spent in this place.
 C = Inter-level travel time spent in this place.
 D = Time resting spent in this place.
 E = Time spent auto-exploring this place.
 F = Levels seen in this place.
 G = Mean time per level.
                   A        B        C        D        E       F      G
               +--------+--------+--------+--------+--------+-----+--------+
         Total |    355 |    355 |      0 |      0 |    235 |   1 |  355.0 |
       Dungeon |    355 |    355 |      0 |      0 |    235 |   1 |  355.0 |
               +--------+--------+--------+--------+--------+-----+--------+

Top non-repeatable levels by time:
     D:1: 355 daAuts
